[Event "Titled Tuesday Blitz May 31 Early 2022"]
[White "Sokolovsky, Yahli"]
[Black "Turutin, Alexander"]
[WhiteFideId "2820242"]
[BlackFideId "4180623"]
[WhiteElo "1770"]
[BlackElo "2402"]
[Result "1/2-1/2"]
[Round "08"]
[TimeControl "180+1"]
[Date "2022.06.01"]
[WhiteClock "0:00:07"]
[BlackClock "0:00:17"]

1. b3 e5 2. Bb2 Nc6 3. e3 a6 4. Nf3 d6 5. d4 e4 6. Nfd2 d5 7. c4 Nf6 8. cxd5 Qxd5 9. Nc3 Qf5 10. a3 Qg6 11. Qc2 Bf5 12. h3 Nxd4 13. exd4 e3 14. Qd1 exd2+ 15. Qxd2 O-O-O 16. O-O-O Ne4 17. Nxe4 Bxe4 18. f3 Qc6+ 19. Bc4 Bd5 20. Qc2 b5 21. Bxd5 Qxc2+ 22. Kxc2 Rxd5 23. Rhe1 Bd6 24. Re4 Kd7 25. Rde1 h5 26. Rd1 Rh6 27. Bc1 Rg6 28. g4 Rf6 29. Rd3 hxg4 30. hxg4 Re6 31. Rd1 g6 32. b4 Be7 33. Rxe6 Kxe6 34. Re1+ Kd7 35. Kd3 Bf6 36. Bb2 Rd6 37. Rh1 Bg5 38. Rh7 Ke7 39. Rh8 Bf6 40. Rc8 Kd7 41. Rf8 Ke7 42. Ra8 Kd7 43. f4 g5 44. f5 Ke7 45. Ke4 Kd7 46. Kd3 Ke7 47. Bc3 Kd7 48. Ra7 Rc6 49. Ra8 Rd6 50. Rg8 Ke7 51. Rb8 Kd7 52. Rb7 Kc6 53. Ra7 Kd7 54. Ra8 Ke7 55. Rb8 Kd7 56. Rf8 Ke7 57. Rg8 Kd7 58. Ke4 Ke7 59. Bb2 Kd7 60. Ba1 Ke7 61. Kd3 Kd7 62. Rf8 Ke7 63. Rb8 Kd7 64. Bc3 Ke7 65. Ra8 Kd7 1/2-1/2


[Site "https://www.chess.com"]

[Event "Titled Tuesday Blitz May 31 Early 2022"]
[White "Svane, Frederik"]
[Black "Eljanov, Pavel"]
[WhiteFideId "12923044"]
[BlackFideId "14102951"]
[WhiteElo "2459"]
[BlackElo "2601"]
[Result "0-1"]
[Round "08"]
[TimeControl "180+1"]
[Date "2022.05.31"]
[WhiteClock "0:00:19"]
[BlackClock "0:00:05"]

1. e4 c6 2. d4 d5 3. exd5 cxd5 4. Nf3 Nc6 5. c3 Bf5 6. Qb3 Qd7 7. Nh4 g6 8. Nxf5 gxf5 9. Bf4 e6 10. Nd2 Bd6 11. Bxd6 Qxd6 12. Nf3 Nf6 13. Bd3 Ne4 14. g3 O-O-O 15. Qc2 Kb8 16. O-O-O Nb4 17. Qe2 Rc8 18. Kb1 Nxd3 19. Rxd3 f6 20. Ne1 Qd7 21. f3 Nd6 22. Nc2 Rhe8 23. Ne3 h5 24. Rd2 h4 25. Re1 hxg3 26. hxg3 Rg8 27. Qf2 Rce8 28. Rde2 a6 29. g4 Qh7 30. Qh2 Qxh2 31. Rxh2 f4 32. Ng2 e5 33. Rh6 e4 34. fxe4 f3 35. Nh4 Nxe4 36. Kc2 f2 37. Rf1 Rxg4 38. Nf5 Rg1 39. Ne3 Ng3 40. Rxf2 Rxe3 41. Rhxf6 Ne4 42. Rf8+ Ka7 43. Rh2 Reg3 44. Rf5 R3g2+ 45. Rxg2 Rxg2+ 46. Kc1 Rg5 47. Rf7 a5 48. Rd7 a4 49. Kc2 Ka6 50. Rd8 Rg2+ 51. Kc1 Rg5 52. Rd7 b6 53. Rd8 Kb5 54. Kc2 Rg2+ 55. Kd1 Kc4 56. b3+ Kd3 57. Ke1 Rg1# 0-1


[Site "https://www.chess.com"]

[Event "Titled Tuesday Blitz May 31 Early 2022"]
[White "Taboas Rodriguez, Daniel"]
[Black "Liyanage, Ranindu Dilshan"]
[WhiteFideId "2208466"]
[BlackFideId "9915834"]
[WhiteElo "2429"]
[BlackElo "1858"]
[Result "1-0"]
[Round "08"]
[TimeControl "180+1"]
[Date "2022.06.01"]
[WhiteClock "0:00:24"]
[BlackClock "0:00:03"]

1. d4 Nf6 2. Nf3 e6 3. c4 d5 4. Bg5 Nbd7 5. e3 Be7 6. Nc3 h6 7. Bh4 O-O 8. Rc1 c5 9. dxc5 Nxc5 10. cxd5 g5 11. Bg3 exd5 12. Be2 Be6 13. O-O Rc8 14. Nd4 Nfe4 15. Bg4 f5 16. Nxe6 Nxe6 17. Bf3 Rc5 18. Be5 Bf6 19. Bxf6 Qxf6 20. Nxd5 Qxb2 21. Bxe4 Rxc1 22. Qxc1 Qxc1 23. Rxc1 fxe4 24. g4 b6 25. Rc6 Kf7 26. Nc3 Nc5 27. Rxh6 Rd8 28. Rh7+ Kg6 29. Rxa7 Rd3 30. Nb5 Rd1+ 31. Kg2 Rd2 32. Kg3 Nd3 33. Rd7 Rd1 34. Rd6+ Kg7 35. Kg2 Rd2 36. Kg1 Rd1+ 37. Kg2 Rd2 38. a4 Rxf2+ 39. Kg1 Ra2 40. Rxb6 Rxa4 41. Nc3 Ra1+ 42. Kg2 Re1 43. Nxe4 Rxe3 44. Nxg5 Re2+ 45. Kg3 Ne1 46. h4 Nd3 47. Rb7+ Kf6 48. Rb6+ Kg7 49. h5 Re3+ 50. Kh4 Nf2 51. Rb7+ Kg8 52. h6 Re1 53. Rg7+ Kf8 54. Nh7+ Ke8 55. Nf6+ Kd8 56. h7 Rh1+ 57. Kg3 Nd3 58. Rg8+ Ke7 59. h8=Q Rxh8 60. Rxh8 Kxf6 61. Rh5 Kg7 62. Rd5 Nb4 63. Rd6 Nc2 64. Kf2 Nb4 65. Ke3 Na2 66. Rc6 Nb4 67. Rc5 Na6 68. Rc6 Nb4 69. Rc7+ Kg6 70. Rc5 Na6 71. Rc6+ 1-0


[Site "https://www.chess.com"]

[Event "Titled Tuesday Blitz May 31 Early 2022"]
[White "Tasev, Dejan"]
[Black "Ning, Kaiyu"]
[WhiteFideId "936618"]
[BlackFideId "8614750"]
[WhiteElo "2253"]
[BlackElo "2013"]
[Result "0-1"]
[Round "08"]
[TimeControl "180+1"]
[Date "2022.06.01"]
[WhiteClock "0:00:23"]
[BlackClock "0:00:48"]

1. e4 e6 2. d4 d5 3. Nc3 Nf6 4. e5 Nfd7 5. f4 c5 6. Nf3 Nc6 7. Be3 cxd4 8. Nxd4 Bc5 9. Qd2 a6 10. Be2 O-O 11. O-O Nxd4 12. Bxd4 Qb6 13. Bxc5 Nxc5 14. Kh1 Qxb2 15. Rab1 Qa3 16. Rf3 Qa5 17. Rh3 Bd7 18. Bd3 h6 19. Qe1 Rac8 20. Qg3 Nxd3 21. Qxd3 Rc4 22. f5 Rfc8 23. Ne2 Rxc2 24. Ng1 exf5 25. Rg3 Rc1 26. Rxb7 Rxg1+ 27. Kxg1 Rc1+ 28. Kf2 Qe1+ 29. Kf3 Rc3 30. Qxc3 Qxc3+ 31. Kf2 Qd2+ 32. Kf3 Bc6 0-1


[Site "https://www.chess.com"]

[Event "Titled Tuesday Blitz May 31 Early 2022"]
[White "Terry, Renato"]
[Black "Jumabayev, Rinat"]
[WhiteFideId "3803457"]
[BlackFideId "13702661"]
[WhiteElo "2577"]
[BlackElo "2561"]
[Result "0-1"]
[Round "08"]
[TimeControl "180+1"]
[Date "2022.05.31"]
[WhiteClock "0:00:02"]
[BlackClock "0:00:11"]

1. d4 Nf6 2. Nf3 g6 3. Bg5 Bg7 4. c3 d5 5. Nbd2 O-O 6. e3 h6 7. Bh4 c5 8. dxc5 Nbd7 9. Nb3 Qc7 10. Bg3 e5 11. Bb5 Re8 12. O-O a6 13. Bxd7 Bxd7 14. Re1 Rad8 15. Nfd2 Nh5 16. Bh4 Rc8 17. c4 Bc6 18. cxd5 Bxd5 19. Rc1 Qc6 20. e4 Bxb3 21. Nxb3 Nf4 22. Qc2 Qb5 23. Re3 g5 24. Bg3 Red8 25. h3 a5 26. Qc4 Rd1+ 27. Kh2 Qxc4 28. Rxc4 b5 29. Rc2 a4 30. Nd2 Ne6 31. b4 Nd4 32. Rb2 Nc6 33. Nf3 Rcd8 34. a3 f5 35. exf5 e4 36. Ra2 exf3 37. Rxf3 Kf7 38. Re3 R1d5 39. Re6 Nd4 40. Rb6 Rxf5 41. Bd6 Bf8 42. Bc7 Rd7 43. Bg3 Rf6 44. Rb8 Re6 45. Rb2 Be7 46. Rb1 h5 47. Bd6 Rexd6 48. cxd6 Bxd6+ 49. g3 Bxb8 50. Kg2 Be5 51. Re1 Bf6 52. Re4 h4 53. gxh4 gxh4 54. Kf1 Ne6 55. Rg4 Rd5 56. Kg2 Rg5 0-1


[Site "https://www.chess.com"]

[Event "Titled Tuesday Blitz May 31 Early 2022"]
[White "Urazayev, Arystanbek"]
[Black "Lazavik, Denis"]
[WhiteFideId "13709810"]
[BlackFideId "13515110"]
[WhiteElo "2422"]
[BlackElo "2437"]
[Result "0-1"]
[Round "08"]
[TimeControl "180+1"]
[Date "2022.05.31"]
[WhiteClock "0:00:01"]
[BlackClock "0:00:11"]

1. e4 e5 2. Nf3 Nc6 3. Bc4 Bc5 4. c3 Nf6 5. d4 exd4 6. cxd4 Bb4+ 7. Nbd2 Bxd2+ 8. Bxd2 Nxe4 9. d5 Ne7 10. Bb4 d6 11. Qd4 Nf6 12. O-O-O O-O 13. Bc3 b5 14. Bb3 Bb7 15. Qf4 Ng6 16. Qf5 Bc8 17. Qc2 a5 18. a4 bxa4 19. Bxa4 Bb7 20. h4 h6 21. Bb3 a4 22. Ba2 a3 23. b4 Re8 24. g4 Ne4 25. Ba1 Qd7 26. Rhg1 Qa4 27. Qxa4 Rxa4 28. Rd4 Nxf2 29. Rf1 Nh3 30. g5 Nhf4 31. Kb1 Ne2 32. Rg4 h5 33. Rc4 Ba6 34. Rxc7 Rxb4+ 35. Kc2 Nd4+ 36. Nxd4 Bxf1 37. Bc3 Rbb8 38. Rc6 Ne5 39. Rxd6 Rbc8 40. Kd2 Bc4 0-1


[Site "https://www.chess.com"]

[Event "Titled Tuesday Blitz May 31 Early 2022"]
[White "Vidit, Santosh Gujrathi"]
[Black "Vasquez Schroeder, Rodrigo"]
[WhiteFideId "5029465"]
[BlackFideId "3400042"]
[WhiteElo "2654"]
[BlackElo "2567"]
[Result "1-0"]
[Round "08"]
[TimeControl "180+1"]
[Date "2022.05.31"]
[WhiteClock "0:01:09"]
[BlackClock "0:00:54"]

1. e4 c5 2. Nf3 d6 3. d4 cxd4 4. Nxd4 Nf6 5. Nc3 Nc6 6. Bg5 e6 7. Qd2 a6 8. O-O-O Bd7 9. f3 Be7 10. h4 b5 11. Nxc6 Bxc6 12. Bd3 h6 13. Be3 h5 14. Bg5 Qb6 15. Kb1 O-O-O 16. Rhe1 Kb8 17. a3 Qb7 18. Na2 Qc7 19. Bf1 Bb7 20. Re3 Rc8 21. Rc3 Qd7 22. Nb4 Rxc3 23. Qxc3 Rc8 24. Qd4 Qc7 25. Be3 Qc5 26. Qd2 Qc7 27. Bg5 Rd8 28. Re1 Rc8 29. Rc1 Qb6 30. Be3 Qc7 31. c4 a5 32. Na2 bxc4 33. Bxc4 Nd7 34. Bxe6 Qd8 35. Bxd7 Qxd7 36. Qxa5 Rxc1+ 37. Kxc1 d5 38. exd5 Bxd5 39. Nc3 Bc6 40. Qxh5 Qd3 41. Qe5+ Bd6 42. Qd4 Qf1+ 43. Qd1 1-0


[Site "https://www.chess.com"]

[Event "Titled Tuesday Blitz May 31 Early 2022"]
[White "Vinod, Kumar Sharma"]
[Black "Kvaloy, Aksel Bu"]
[WhiteFideId "5013518"]
[BlackFideId "1528815"]
[WhiteElo "2154"]
[BlackElo "2053"]
[Result "0-1"]
[Round "08"]
[TimeControl "180+1"]
[Date "2022.06.01"]
[WhiteClock "0:00:01"]
[BlackClock "0:00:02"]

1. e4 c5 2. Nf3 d6 3. d4 cxd4 4. Nxd4 Nf6 5. Nc3 a6 6. h3 b5 7. g4 Bb7 8. Bg2 Nc6 9. Be3 e6 10. g5 Nd7 11. O-O Be7 12. Nxc6 Bxc6 13. f4 Nc5 14. Qg4 b4 15. Ne2 Bxe4 16. Bxe4 Nxe4 17. f5 Nxg5 18. h4 exf5 19. Qxf5 Ne6 20. Qxf7+ Kd7 21. Nf4 Nxf4 22. Qxf4 Qc8 23. Qe4 Qc6 24. Qg4+ Kc7 25. Rf7 Rae8 26. Raf1 Kd8 27. Qxb4 Rhf8 28. Bb6+ Kc8 29. R1f4 Rxf7 30. Rc4 Kb7 31. Rxc6 Kxc6 32. Qc4+ Kxb6 33. Qxf7 Rc8 34. Qxe7 Rxc2 35. Qxd6+ Kb7 36. Qd5+ Kb6 37. Qd4+ Kc7 38. Qxg7+ Kb6 39. Qxh7 Rxb2 0-1


[Site "https://www.chess.com"]

[Event "Titled Tuesday Blitz May 31 Early 2022"]
[White "Vlachos, Anatole"]
[Black "Stribuk, Artiom"]
[WhiteFideId "26093189"]
[BlackFideId "13515659"]
[WhiteElo "2361"]
[BlackElo "2259"]
[Result "1-0"]
[Round "08"]
[TimeControl "180+1"]
[Date "2022.05.31"]
[WhiteClock "0:00:05"]
[BlackClock "0:00:06"]

1. Nf3 Nf6 2. g3 b6 3. Bg2 Bb7 4. O-O c5 5. d3 e6 6. e4 d6 7. Nbd2 Nbd7 8. Re1 Be7 9. e5 dxe5 10. Nxe5 Bxg2 11. Kxg2 Nxe5 12. Rxe5 Qc7 13. Re1 O-O 14. Qf3 Rfd8 15. Nc4 Nd5 16. c3 Bf6 17. a4 a6 18. Nd2 h6 19. Ne4 Be7 20. h4 b5 21. h5 Rac8 22. g4 Nf6 23. Ng3 Qc6 24. axb5 axb5 25. Ra7 Qxf3+ 26. Kxf3 Rxd3+ 27. Be3 Bd6 28. Ne4 Nxe4 29. Kxe4 Rd5 30. Rb7 Re5+ 31. Kf3 c4 32. Rd1 Bc5 33. Rxb5 f5 34. Rd7 fxg4+ 35. Kxg4 Rf5 36. Rbb7 Bf8 37. f4 Ra5 38. Bd4 Ra1 39. Kf3 Rg1 40. Bxg1 1-0


[Site "https://www.chess.com"]

[Event "Titled Tuesday Blitz May 31 Early 2022"]
[White "Vokhidov, Shamsiddin"]
[Black "Chen, Qi b"]
[WhiteFideId "14204223"]
[BlackFideId "8614733"]
[WhiteElo "2611"]
[BlackElo "2432"]
[Result "1-0"]
[Round "08"]
[TimeControl "180+1"]
[Date "2022.05.31"]
[WhiteClock "0:01:32"]
[BlackClock "0:00:05"]

1. e4 c5 2. Nf3 Nc6 3. Bb5 g6 4. Bxc6 dxc6 5. O-O Bg7 6. d3 Nf6 7. Nc3 Nd7 8. Be3 b6 9. Qd2 h6 10. a3 e5 11. b4 f5 12. exf5 gxf5 13. Rfe1 Qf6 14. bxc5 O-O 15. Qc1 bxc5 16. Na4 c4 17. Nc5 Nxc5 18. Bxc5 Rd8 19. Nxe5 Rd5 20. d4 f4 21. Rb1 Bf5 22. Rb7 Re8 23. Nf3 Rxe1+ 24. Qxe1 Bxc2 25. Qe8+ Kh7 26. Bf8 1-0


[Site "https://www.chess.com"]

[Event "Titled Tuesday Blitz May 31 Early 2022"]
[White "Xiong, Jeffery"]
[Black "Keymer, Vincent"]
[WhiteFideId "2047640"]
[BlackFideId "12940690"]
[WhiteElo "2727"]
[BlackElo "2548"]
[Result "1-0"]
[Round "08"]
[TimeControl "180+1"]
[Date "2022.05.31"]
[WhiteClock "0:00:09"]
[BlackClock "0:00:04"]

1. d4 Nf6 2. Nf3 e6 3. Bf4 c5 4. e3 Nc6 5. Nbd2 h6 6. h3 d5 7. c3 Bd6 8. Bb5 O-O 9. Bxc6 bxc6 10. Bxd6 Qxd6 11. Qa4 cxd4 12. cxd4 Rb8 13. Nb3 Ne4 14. O-O c5 15. dxc5 Nxc5 16. Qa3 Ne4 17. Qxa7 Ba6 18. Rfc1 Bc4 19. Nbd2 Nxd2 20. Nxd2 Rxb2 21. Qd4 Rb6 22. Nxc4 dxc4 23. Rxc4 Qxd4 24. Rxd4 Ra8 25. a4 Ra5 26. g4 g6 27. Kg2 Kg7 28. Kg3 Rb7 29. Rc1 Rba7 30. Rcc4 e5 31. Re4 f5 32. gxf5 gxf5 33. Rh4 R7a6 34. Rb4 Kg6 35. Rhc4 Kg5 36. f3 Kg6 37. h4 Kf6 38. e4 Kg6 39. Kf2 f4 40. Kg2 Kh5 41. Kh3 Rg6 42. Rb5 Rg3+ 43. Kh2 Rxb5 44. axb5 Rxf3 45. Rb4 Rg3 46. b6 Rg8 47. b7 Rb8 48. Kh3 f3 49. Rb2 f2 50. Rxf2 Rxb7 51. Rf5+ Kg6 52. h5+ Kg7 53. Rxe5 Rb1 54. Re6 Rf1 55. Kg4 Rg1+ 56. Kf4 Rg5 57. Re5 Rg1 58. Ra5 Kf6 59. Ra6+ Kg7 60. e5 Rf1+ 61. Ke4 Rh1 62. Ra7+ Kf8 63. Kf5 Rf1+ 64. Kg6 Rg1+ 65. Kf6 Rf1+ 66. Kg6 Re1 67. Rf7+ Ke8 68. Rf5 Rg1+ 69. Kxh6 Ke7 70. Rg5 Ra1 71. Kg7 Ke6 72. h6 Ra7+ 73. Kg6 1-0


[Site "https://www.chess.com"]

[Event "Titled Tuesday Blitz May 31 Early 2022"]
[White "Xu, Yi"]
[Black "Vovk, Orest"]
[WhiteFideId "8605564"]
[BlackFideId "14113490"]
[WhiteElo "2471"]
[BlackElo "2203"]
[Result "1-0"]
[Round "08"]
[TimeControl "180+1"]
[Date "2022.05.31"]
[WhiteClock "0:01:06"]
[BlackClock "0:01:07"]

1. e4 g5 2. d4 g4 3. Nc3 Bg7 4. Be3 h5 5. h3 d6 6. hxg4 hxg4 7. Rxh8 Bxh8 8. Qd2 c6 9. O-O-O Qa5 10. Kb1 b5 11. f4 gxf3 12. gxf3 Be6 13. a3 b4 14. axb4 Qxb4 15. Bh3 Bxh3 16. Nxh3 Nd7 17. Nf4 O-O-O 18. Qh2 Ngf6 19. e5 dxe5 20. dxe5 Nxe5 21. Rxd8+ Kxd8 22. Qxh8+ Kc7 23. Qxf6 Nc4 24. Nfd5+ 1-0


[Site "https://www.chess.com"]

[Event "Titled Tuesday Blitz May 31 Early 2022"]
[White "Yang, Kaiqi"]
[Black "Petrovic, Aleksa"]
[WhiteFideId "8604398"]
[BlackFideId "967629"]
[WhiteElo "2373"]
[BlackElo "2144"]
[Result "0-1"]
[Round "08"]
[TimeControl "180+1"]
[Date "2022.06.01"]
[WhiteClock "0:00:01"]
[BlackClock "0:00:05"]

1. d4 e6 2. e4 d5 3. e5 c5 4. c3 Qb6 5. Nf3 Nc6 6. Bd3 Bd7 7. dxc5 Bxc5 8. O-O Qc7 9. Qe2 Nge7 10. b4 Bb6 11. a4 a5 12. b5 Na7 13. Ba3 Bc5 14. Rc1 b6 15. c4 Bxa3 16. Nxa3 Rc8 17. Rc2 Qb8 18. Rac1 dxc4 19. Nxc4 O-O 20. Bxh7+ Kxh7 21. Qd3+ Ng6 22. Ng5+ Kg8 23. Qh3 Rfd8 24. Qh7+ Kf8 25. Nxf7 Kxf7 26. Nd6+ Qxd6 27. exd6 Rh8 28. Qxh8 Nxh8 29. Rc7 Ke8 30. h4 Rxc7 31. dxc7 Nc8 32. h5 Nf7 33. f4 Nfd6 34. Kf2 Ne4+ 35. Ke3 Nf6 36. Rh1 Nd5+ 37. Ke4 Nxc7 38. g4 Nd6+ 39. Ke5 Nf7+ 40. Ke4 Nd5 41. g5 Nc3+ 42. Kd4 Ne2+ 43. Ke3 Ng3 44. Rh3 Nf5+ 45. Ke4 e5 46. g6 N5d6+ 0-1


[Site "https://www.chess.com"]

[Event "Titled Tuesday Blitz May 31 Early 2022"]
[White "Yilmaz, Mustafa"]
[Black "Oparin, Grigoriy"]
[WhiteFideId "6302718"]
[BlackFideId "24125890"]
[WhiteElo "2568"]
[BlackElo "2665"]
[Result "1/2-1/2"]
[Round "08"]
[TimeControl "180+1"]
[Date "2022.05.31"]
[WhiteClock "0:00:05"]
[BlackClock "0:00:29"]

1. d4 Nf6 2. c4 e6 3. Nf3 d5 4. Nc3 c5 5. cxd5 cxd4 6. Qxd4 exd5 7. Bg5 Be7 8. e3 O-O 9. Rd1 Be6 10. Qa4 h6 11. Bh4 Qb6 12. Qb5 Rd8 13. Qxb6 axb6 14. a3 Nc6 15. Bd3 Bg4 16. Be2 Bxf3 17. Bxf3 d4 18. exd4 Nxd4 19. Bxb7 Ra7 20. Bxf6 Bxf6 21. Be4 Re8 22. O-O Ne2+ 23. Nxe2 Rxe4 24. Rd2 Rc7 25. g3 Rec4 26. b4 Rc2 27. Rfd1 Bb2 28. a4 Ba3 29. a5 bxa5 30. bxa5 Rxd2 31. Rxd2 Ra7 32. Ra2 Rxa5 33. Nc3 Bb4 34. Rxa5 1/2-1/2


[Site "https://www.chess.com"]

[Event "Titled Tuesday Blitz May 31 Early 2022"]
[White "Acosta Cruz, Oscar Yosimar"]
[Black "Ciuffoletti, Paolo"]
[WhiteFideId "5111269"]
[BlackFideId "807630"]
[WhiteElo "2147"]
[BlackElo "2143"]
[Result "1-0"]
[Round "09"]
[TimeControl "180+1"]
[Date "2022.06.01"]
[WhiteClock "0:00:06"]
[BlackClock "0:00:01"]

1. e4 c5 2. Nf3 Nc6 3. d4 cxd4 4. Nxd4 Nf6 5. Nc3 e5 6. Ndb5 d6 7. Nd5 Nxd5 8. exd5 Nb8 9. c4 a6 10. Nc3 Be7 11. Be2 O-O 12. O-O f5 13. f4 Bf6 14. Kh1 Nd7 15. Be3 exf4 16. Bxf4 Be5 17. Qd2 Qf6 18. Rac1 Bxf4 19. Rxf4 Ne5 20. Rff1 Bd7 21. b3 g5 22. Bd3 Rae8 23. Rce1 Qh6 24. Ne2 f4 25. Nd4 Ng4 26. h3 Ne3 27. Rf3 Rf6 28. Rfxe3 fxe3 29. Rxe3 Rxe3 30. Qxe3 g4 31. Qg3 Qf4 32. Qxf4 Rxf4 33. Ne2 Rf1+ 34. Kh2 gxh3 35. gxh3 Rd1 36. Be4 Rd2 37. Bf3 Bf5 38. Kg3 Rxa2 39. Nd4 Bg6 40. Kf4 Rb2 41. Bg4 Bc2 42. Be6+ Kf8 43. Nf5 Bxb3 44. Nxd6 Bc2 45. c5 a5 46. c6 bxc6 47. dxc6 Ba4 48. c7 Rc2 49. c8=Q+ Rxc8 50. Bxc8 Ke7 51. Nc4 Bb3 52. Nxa5 Bd5 53. h4 Kf6 54. Bb7 1-0


[Site "https://www.chess.com"]

[Event "Titled Tuesday Blitz May 31 Early 2022"]
[White "Agibileg, Uurtsaikh"]
[Black "Indjic, Aleksandar"]
[WhiteFideId "4901606"]
[BlackFideId "911925"]
[WhiteElo "2205"]
[BlackElo "2616"]
[Result "1-0"]
[Round "09"]
[TimeControl "180+1"]
[Date "2022.05.31"]
[WhiteClock "0:00:35"]
[BlackClock "0:00:13"]

1. d4 Nf6 2. c4 c5 3. d5 e6 4. Nc3 exd5 5. cxd5 d6 6. e4 g6 7. Bd3 Bg7 8. h3 O-O 9. Nf3 Re8 10. O-O Nbd7 11. Bf4 c4 12. Bc2 Nc5 13. Re1 b5 14. Nxb5 Nfxe4 15. Nfd4 Bb7 16. Nc6 Bxc6 17. dxc6 Qb6 18. Nxd6 Nxf2 19. Rxe8+ Rxe8 20. Qf3 Ncd3 21. Nxe8 Nxh3+ 22. Kh2 Nhxf4 23. c7 Be5 24. c8=Q Nh5+ 25. g3 Bxg3+ 26. Kh1 Bf4 27. Nf6+ Kg7 1-0


[Site "https://www.chess.com"]

[Event "Titled Tuesday Blitz May 31 Early 2022"]
[White "Alinasab, Mobina"]
[Black "Stankovic, Ivan G"]
[WhiteFideId "12528897"]
[BlackFideId "902837"]
[WhiteElo "2031"]
[BlackElo "2195"]
[Result "1-0"]
[Round "09"]
[TimeControl "180+1"]
[Date "2022.06.01"]
[WhiteClock "0:00:43"]
[BlackClock "0:00:02"]

1. e4 c5 2. Nf3 Nc6 3. d4 cxd4 4. Nxd4 g6 5. c4 Nf6 6. Nc3 d6 7. f3 Nxd4 8. Qxd4 Bg7 9. Be3 O-O 10. Qd2 a5 11. Na4 Nd7 12. Be2 Qc7 13. O-O Nc5 14. Nc3 Bd7 15. b3 Bc6 16. Rac1 Qb6 17. Nd5 Bxd5 18. cxd5 Rfc8 19. Rc2 Qb4 20. Rfc1 Qxd2 21. Bxd2 Rcb8 22. Bb5 Bd4+ 23. Kf1 Rd8 24. Ke2 Kg7 25. Rc4 Bb2 26. R1c2 Ba1 27. Bg5 Bf6 28. Be3 h6 29. f4 b6 30. Bc6 Ra7 31. Kf3 Rb8 32. Bb5 Raa8 33. g4 g5 34. h3 Rd8 35. Rc1 Rab8 36. Rb1 Rbc8 37. a3 gxf4 38. Bxf4 Bg5 39. Bg3 Nb7 40. Bc6 Nc5 41. Bf2 Nd3 42. Bxb6 Ne5+ 43. Ke2 Nxc4 44. bxc4 Rb8 45. Rb5 Rdc8 46. Bxa5 Rxb5 47. cxb5 Bf6 48. b6 Bd4 49. b7 Rg8 50. Bc7 Ba7 51. a4 Kf6 52. a5 Ke5 53. Kf3 Bb8 54. Bxb8 Rxb8 55. a6 1-0


[Site "https://www.chess.com"]

[Event "Titled Tuesday Blitz May 31 Early 2022"]
[White "Al-Tarboush, Ward"]
[Black "Leiva, Gianmarco"]
[WhiteFideId "7601450"]
[BlackFideId "3804399"]
[WhiteElo "2294"]
[BlackElo "2323"]
[Result "1-0"]
[Round "09"]
[TimeControl "180+1"]
[Date "2022.05.31"]
[WhiteClock "0:00:45"]
[BlackClock "0:00:02"]

1. e4 c6 2. Nf3 d5 3. Nc3 dxe4 4. Nxe4 Nf6 5. Nxf6+ exf6 6. Bc4 Bd6 7. Qe2+ Qe7 8. Qxe7+ Kxe7 9. O-O Re8 10. Re1+ Kf8 11. Rxe8+ Kxe8 12. d4 Nd7 13. a4 Nb6 14. Bd3 Bg4 15. c4 Bxf3 16. gxf3 c5 17. d5 Nd7 18. a5 Ne5 19. Be2 Kd7 20. a6 b6 21. Ra3 Re8 22. Re3 Ng6 23. Bd3 Nh4 24. f4 Nf3+ 25. Kh1 Nd4 26. Kg2 f5 27. Bd2 g6 28. Bb1 Re7 29. h3 Ne2 30. Kf3 Ng1+ 31. Kg2 Ne2 32. Rf3 Re8 33. Bc2 h5 34. Ba4+ Kd8 35. Bxe8 Nd4 36. Re3 Bxf4 37. Bxf7 Bxe3 38. Bxe3 Nb3 39. Bxg6 Na5 40. Bg5+ Kc7 41. Bf4+ Kd8 42. d6 Nxc4 43. Bxf5 Nxd6 44. Bxd6 h4 45. Bb8 1-0


[Site "https://www.chess.com"]

[Event "Titled Tuesday Blitz May 31 Early 2022"]
[White "Ambartsumova, Karina"]
[Black "Meunier-Pion, Jean"]
[WhiteFideId "4166299"]
[BlackFideId "20685327"]
[WhiteElo "2262"]
[BlackElo "2124"]
[Result "0-1"]
[Round "09"]
[TimeControl "180+1"]
[Date "2022.06.01"]
[WhiteClock "0:00:03"]
[BlackClock "0:00:03"]

1. e4 c5 2. Nf3 d6 3. Bb5+ Nd7 4. c4 Nf6 5. O-O e6 6. d4 cxd4 7. Nxd4 Be7 8. Nc3 O-O 9. Ba4 a6 10. Be3 Ne5 11. Bb3 Bd7 12. f3 Rc8 13. Qe2 Qa5 14. Rac1 Rfd8 15. Kh1 Be8 16. f4 Nc6 17. f5 Nxd4 18. Bxd4 Bd7 19. fxe6 fxe6 20. e5 dxe5 21. Bxe5 b5 22. Ne4 Nxe4 23. Qxe4 bxc4 24. Bc2 g6 25. Bc3 Qd5 26. Qf4 Rf8 27. Qh6 e5 28. Bxg6 hxg6 29. Qxg6+ Kh8 30. Qh5+ Kg8 31. Bxe5 Rf6 32. Rxf6 Bxf6 33. Qg6+ Kf8 34. Qxf6+ Qf7 35. Qh6+ Ke7 36. Bd6+ Kd8 37. Qg5+ Ke8 38. Re1+ Be6 39. h3 Kd7 40. Qe5 Qf5 41. Qd4 Bd5 42. Bh2 Kc6 43. Bg1 Qxh3+ 44. Bh2 Qxg2# 0-1


[Site "https://www.chess.com"]

[Event "Titled Tuesday Blitz May 31 Early 2022"]
[White "Andreikin, Dmitry"]
[Black "Martinez Alcantara, Jose Eduardo"]
[WhiteFideId "4158814"]
[BlackFideId "3805662"]
[WhiteElo "2736"]
[BlackElo "2690"]
[Result "1/2-1/2"]
[Round "09"]
[TimeControl "180+1"]
[Date "2022.05.31"]
[WhiteClock "0:01:47"]
[BlackClock "0:02:08"]

1. Nf3 Nf6 2. c4 e6 3. g3 b6 4. Bg2 Bb7 5. d4 Bb4+ 6. Bd2 c5 7. Bxb4 cxb4 8. O-O a5 9. a3 Na6 10. Qd3 O-O 11. Nbd2 d6 12. Rfc1 Qe7 13. e3 e5 14. Nh4 Bxg2 15. Kxg2 g6 16. Kg1 Rfe8 17. Ng2 Qe6 18. Ne1 h5 19. h4 Kg7 20. Rc2 1/2-1/2


[Site "https://www.chess.com"]

[Event "Titled Tuesday Blitz May 31 Early 2022"]
[White "Aravindh, Chithambaram VR."]
[Black "Petrovskyi, Vadym"]
[WhiteFideId "5072786"]
[BlackFideId "14165210"]
[WhiteElo "2561"]
[BlackElo "2400"]
[Result "0-1"]
[Round "09"]
[TimeControl "180+1"]
[Date "2022.05.31"]
[WhiteClock "0:00:01"]
[BlackClock "0:00:29"]

1. Nf3 Nf6 2. a4 g6 3. g3 Bg7 4. Bg2 O-O 5. O-O d6 6. a5 a6 7. d4 Nbd7 8. Nc3 e5 9. dxe5 dxe5 10. Nd2 Qe7 11. b3 Rd8 12. Ba3 Qe8 13. Nc4 e4 14. Qc1 Ne5 15. Ne3 Nc6 16. Bb2 Nd4 17. Re1 Bh6 18. Ncd5 Nxd5 19. Bxd4 Nxe3 20. Bxe3 Bg7 21. Ra4 f5 22. f3 exf3 23. exf3 Be6 24. f4 Bd5 25. Bd4 Qc6 26. Bxg7 Bxg2 27. Rc4 Qd5 28. Rd4 Qc6 29. Qd2 Rxd4 30. Bxd4 Be4 31. Bc3 Qc5+ 32. Re3 Re8 33. Be5 Kf7 34. b4 Rd8 35. bxc5 Rxd2 36. Bxc7 Rg2+ 37. Kf1 Rxh2 38. c3 Ra2 39. g4 Bg2+ 40. Kg1 fxg4 41. Bd6 Kf6 42. c4 Bc6 43. Re5 g3 44. Re1 h5 0-1


[Site "https://www.chess.com"]

[Event "Titled Tuesday Blitz May 31 Early 2022"]
[White "Bekturov, Tamerlan"]
[Black "Salinas Herrera, Pablo"]
[WhiteFideId "13710184"]
[BlackFideId "3407128"]
[WhiteElo "2151"]
[BlackElo "2541"]
[Result "1-0"]
[Round "09"]
[TimeControl "180+1"]
[Date "2022.06.01"]
[WhiteClock "0:00:03"]
[BlackClock "0:00:02"]

1. d4 d5 2. c4 e6 3. Nf3 Nf6 4. g3 g6 5. Bg2 Bg7 6. O-O O-O 7. b3 c5 8. Bb2 cxd4 9. cxd5 Nxd5 10. Nxd4 e5 11. Nb5 Be6 12. e4 Nb4 13. Qxd8 Rxd8 14. Nc7 Nc2 15. Nxa8 Nxa1 16. Nc7 Nc2 17. Nxe6 fxe6 18. Bh3 Kf7 19. Rc1 Nd4 20. Rc7+ Rd7 21. Rc8 Nbc6 22. Nc3 Nb4 23. Ba3 Nd3 24. Nd5 Nf3+ 25. Kg2 Ng5 26. Nc3 Ne1+ 27. Kf1 Nc2 28. Bc1 Nxh3 29. Kg2 Nxf2 30. Kxf2 Nb4 31. Ba3 Nc6 32. Bc1 Bf8 33. Be3 Nd4 34. Na4 b6 35. Nb2 Bg7 36. Nc4 h5 37. Bxd4 exd4 38. e5 d3 39. Nd6+ Rxd6 40. exd6 Bd4+ 41. Ke1 Bf6 42. d7 1-0


[Site "https://www.chess.com"]

[Event "Titled Tuesday Blitz May 31 Early 2022"]
[White "Bharath Subramaniyam H"]
[Black "Stepanencu, Nicodim-Cosmin"]
[WhiteFideId "46634827"]
[BlackFideId "1256220"]
[WhiteElo "2242"]
[BlackElo "1945"]
[Result "1-0"]
[Round "09"]
[TimeControl "180+1"]
[Date "2022.06.01"]
[WhiteClock "0:00:47"]
[BlackClock "0:00:02"]

1. e4 e6 2. d4 d5 3. Nc3 Nf6 4. Bg5 dxe4 5. Nxe4 Nbd7 6. Nf3 h6 7. Nxf6+ Nxf6 8. Be3 b6 9. Ne5 a6 10. c4 Bb7 11. Qa4+ c6 12. Be2 b5 13. Qb3 Qa5+ 14. Bd2 Qb6 15. a4 Qxd4 16. Bc3 Qe4 17. axb5 cxb5 18. cxb5 Bd6 19. bxa6 Rxa6 20. Qb5+ Rc6 21. Qxb7 1-0


[Site "https://www.chess.com"]